Map: Efflorescence LE

Players

jutefire

  • Race: Terran Terran
  • League: Platinum
  • Spawn Location: 9:00

TomSeagal

  • Race: Zerg Zerg
  • Spawn Location: 6:00

qqq

  • Race: Zerg Zerg
  • Spawn Location: 12:00

Massa

  • Race: Terran Terran
  • League: Platinum
  • Spawn Location: 3:00

VOD

Have the link to the VOD?

Description

Time

  • Played on: Oct. 19, 2020, 3:36 p.m.
  • Length: 4:52
Show
View Real Time Build Order
Export as new Build Order

jutefire Terran 

Build Orders:  

Get SALT Encoding   

  12  0:00  SCV  
  13  0:12  SCV  
  14  0:18  Supply Depot  
  14  0:25  SCV  
  15  0:39  SCV  
  15  0:40  Barracks  
  16  0:46  Supply Depot  
  16  0:52  SCV  
  17  1:06  SCV, Barracks  
  18  1:18  SCV  
  19  1:28  Barracks  
  19  1:29  Marine  
  20  1:36  Orbital Command  
  19  1:48  Barracks  
  19  1:50  Marine  
  20  1:54  Marine  
  21  2:08  Marine  
  21  2:11  Barracks  
  21  2:14  SCV  
  21  2:15  Marine x2  
  25  2:26  Marine, Supply Depot  
  26  2:33  Marine x2  
  26  2:34  Marine  
  29  2:44  Marine  
  30  2:48  Supply Depot  
  30  2:50  Marine  
  30  2:51  Marine  
  31  2:52  Marine  
  33  2:58  Marine  
  33  3:01  Marine  
  35  3:08  Marine  
  35  3:09  Marine  
  37  3:13  Marine, Supply Depot  
  37  3:16  Marine  
  39  3:22  Marine  
  39  3:26  Marine  
  41  3:28  Marine  
  41  3:31  Marine  
  43  3:34  Marine  
  43  3:37  Supply Depot  
  43  3:40  Marine  
  45  3:44  Marine  
  45  3:46  Marine  
  47  3:50  Marine  
  47  3:52  Marine  
  49  3:57  Marine  
  40  4:11  Marine  
  40  4:12  Marine x3  
  40  4:15  Marine  
  43  4:29  Marine x3  
  43  4:30  Marine  
Show
View Real Time Build Order
Export as new Build Order

TomSeagal Zerg 

Build Orders: Hatch First 

Get SALT Encoding   

  12  0:00  Drone  
  13  0:13  Overlord  
  13  0:19  Drone  
  14  0:32  Drone x2  
  14  0:35  Drone  
  17  0:56  Hatchery  
  16  1:00  Drone  
  16  1:02  Extractor  
  16  1:03  Drone  
  17  1:21  Spawning Pool  
  17  1:22  Drone  
  17  1:33  Drone  
  17  1:34  Drone  
  19  1:42  Drone  
  20  1:56  Overlord  
  20  2:08  Metabolic Boost  
  20  2:09  Queen x2  
  20  2:13  Zergling x4  
  26  2:16  Zergling x2  
  27  2:26  Zergling x4  
  29  2:43  Zergling x6  
  32  2:47  Overlord  
  32  2:59  Zergling x4  
  34  3:07  Zergling x2  
  34  3:08  Zergling x2  
  36  3:20  Zergling x14  
  43  3:28  Baneling Nest  
  36  4:11  Zergling x2  
  36  4:12  Zergling x12  
  36  4:15  Baneling x4  
Show
View Real Time Build Order
Export as new Build Order

qqq Zerg 

Build Orders: Hatch First 

Get SALT Encoding   

  12  0:01  Drone  
  13  0:08  Drone  
  14  0:37  Hatchery  
  14  0:42  Drone  
  14  0:57  Spawning Pool  
  13  1:06  Overlord  
  13  1:10  Drone  
  14  1:13  Extractor  
  14  1:16  Drone  
  14  1:24  Drone  
  15  1:41  Drone x2  
  17  1:47  Queen  
  17  1:49  Drone  
  20  1:57  Zergling x2  
  21  2:02  Overlord  
  21  2:08  Zergling x2  
  22  2:18  Zergling x2  
  22  2:20  Zergling x2  
  24  2:30  Zergling x2  
  24  2:31  Metabolic Boost  
  24  2:36  Drone  
  25  2:37  Zergling x2  
  25  2:38  Zergling x2  
  27  2:50  Zergling x2  
  27  2:51  Zergling x2  
  29  3:03  Zergling x2  
  30  3:06  Zergling x4  
  30  3:07  Zergling x2  
  30  3:08  Queen  
  30  3:09  Zergling x2  
  36  3:15  Overlord  
  36  3:33  Overlord  
  36  3:36  Zergling x2  
  36  3:37  Zergling x2  
  36  3:38  Zergling x4  
  40  3:49  Overlord x2  
  40  4:01  Zergling x4  
  40  4:02  Zergling x4  
  30  4:10  Zergling x6  
  33  4:19  Baneling Nest  
  32  4:24  Zergling x2  
  32  4:25  Zergling x4  
Show
View Real Time Build Order
Export as new Build Order

Massa Terran 

Build Orders:  

Get SALT Encoding   

  12  0:00  SCV  
  13  0:12  SCV  
  14  0:22  Supply Depot  
  14  0:25  SCV  
  15  0:33  Refinery  
  15  0:43  SCV  
  15  0:46  Barracks  
  16  0:55  SCV  
  17  1:08  SCV  
  18  1:19  Refinery  
  18  1:20  SCV  
  19  1:32  SCV  
  20  1:36  Supply Depot  
  20  1:38  Factory  
  20  1:42  Marine  
  21  1:48  Orbital Command  
  21  2:00  Reaper  
  22  2:23  Command Center  
  22  2:33  Barracks Reactor, Factory Reactor  
  22  2:46  SCV, Supply Depot  
  24  2:58  SCV  
  24  3:10  SCV  
  24  3:11  Starport  
  25  3:13  Engineering Bay  
  25  3:14  Hellion  
  27  3:20  Hellion  
  29  3:36  Hellion  
  29  3:37  SCV  
  32  3:42  Hellion  
  32  3:45  Orbital Command  
  32  3:57  Hellion  
  30  4:15  Starport Tech Lab  
  29  4:18  Marine  
  25  4:34  Barracks  
  25  4:35  Supply Depot  
  26  4:44  Supply Depot  
  24  4:51  Supply Depot x2  
  24  4:52  Supply Depot  
Tags
 
Add a new tag
Caveats
  • Supply blocks, unpowered buildings, or Contaminate may cause inaccurate times.
  • Supply counts are checked every 10 seconds.